 Dungeon Crawl Stone Soup version 0.30-a0-718-geaa24f58ff (webtiles) character file.

Game seed: 6045024096885873453

185474 cforsyth the Stormcaller (level 17, -3/135 HPs)
             Began as a Demonspawn Summoner on Jan 25, 2023.
             Was an Initiate of Gozag.
             Slain by a ghost moth (14 damage)
             ... on level 4 of the Spider Nest on Jan 26, 2023.
             The game lasted 01:53:41 (40783 turns).

cforsyth the Stormcaller (Demonspawn Summoner)     Turns: 40783, Time: 01:53:42

Health: -3/135     AC: 19    Str:  8 (9)  XL:     17   Next: 81%
Magic:  0/30       EV: 25    Int: 27 (30) God:    Gozag
Gold:   3941       SH:  0    Dex: 17 (18) Spells: 6/34 levels left

rFire   . . .      SeeInvis .      - Unarmed
rCold   . . .      Faith    .    (shield currently unavailable)
rNeg    . . .      Spirit   .    (body armour currently unavailable)
rPois   ∞          Reflect  .    (helmet unavailable)
rElec   +          Harm     .    (cloak currently unavailable)
rCorr   .          Rampage  .    (gloves currently unavailable)
Will    +....                    (boots currently unavailable)
Stlth   ++++                     G - amulet of magic regeneration
HPRegen 0.42/turn                J - ring of wizardry
MPRegen 0.62/turn                w - +6 ring of intelligence

@: storm-form, gold aura, flying
A: cleaving, insubstantial, flying, (antennae 3), thin skeletal structure 2,
demonic guardian 2, augmentation 1, demonic magic 2
a: Blinkbolt, End Transformation, Renounce Religion, Potion Petition, Call
Merchant, Bribe Branch


You were on level 4 of the Spider Nest.
You worshipped Gozag.
Gozag was most pleased with you.
You were a lightning-filled tempest!
You visited 5 branches of the dungeon, and saw 27 of its levels.

You collected 9113 gold pieces.
You spent 510 gold pieces at shops.
You paid 4662 gold pieces to Gozag.

Inventory:

Missiles
 a - a throwing net
Armour
 f - a +0 pair of boots (melded)
 E - a +1 robe of willpower (melded)
 L - a +2 cloak (melded)
 Q - a +0 pair of gloves (melded)
Jewellery
 j - an amulet of regeneration
 m - a ring of positive energy
 q - an amulet of reflection
 w - a +6 ring of intelligence (right fist)
 G - an amulet of magic regeneration (around neck)
 J - a ring of wizardry (left fist)
 M - a ring of protection from fire
Wands
 e - a wand of iceblast (27)
 B - a wand of mindburst (10)
 I - a wand of flame (28)
 N - a wand of digging (4)
 O - a wand of polymorph (7)
 T - a wand of paralysis (4)
Scrolls
 c - 7 scrolls of fog
 d - 3 scrolls of amnesia
 l - 2 scrolls of immolation
 n - 3 scrolls of silence
 r - 10 scrolls of teleportation
 s - 4 scrolls of fear
 t - 2 scrolls of vulnerability
 v - 5 scrolls of enchant armour
 x - 4 scrolls of magic mapping
 y - 2 scrolls of poison
 C - 4 scrolls of blinking
 F - 2 scrolls of summoning
 K - 12 scrolls of identify
 P - a scroll of enchant weapon
 R - a scroll of torment {unknown}
 S - a scroll of acquirement {unknown}
Potions
 b - 5 potions of magic
 g - 7 potions of might
 h - 6 potions of mutation
 i - 3 potions of berserk rage
 k - 7 potions of curing
 o - a potion of heal wounds
 p - 10 potions of attraction
 u - 4 potions of brilliance
 z - 6 potions of flight
 A - 3 potions of ambrosia
 D - 3 potions of invisibility
 H - 4 potions of haste


   Skills:
 + Level 12.6 Fighting
 - Level 7.3 Dodging
 - Level 1.7 Stealth
 + Level 9.3 Unarmed Combat
 - Level 9.1 Spellcasting
 - Level 5.0 Hexes
 - Level 12.0 Summonings
 - Level 15.0 Transmutations
 - Level 15.0 Air Magic


You had 6 spell levels left.
You knew the following spells:

 Your Spells              Type           Power      Damage    Failure   Level
a - Storm Form            Tmut/Air       37%        N/A       3%          7
b - Call Imp              Summ           67%        N/A       1%          2
c - Call Canine Familiar  Summ           67%        N/A       1%          3
d - Summon Guardian Gole  Hex/Summ       55%        N/A       1%          3
e - Summon Lightning Spi  Summ/Air       71%        N/A       1%          4
f - Blink                 Tloc           24%        N/A       2%          2
g - Summon Cactus Giant   Summ           33%        N/A       2%          6
h - Summon Small Mammal   Summ           100%       N/A       1%          1

Your spell library contained the following spells:

 Spells                   Type           Power      Damage    Failure   Level
 Freeze                   Ice            48%        1d6       1%          1
 Magic Dart               Conj           48%        1d5       1%          1
 Sandblast                Erth           24%        2d8       1%          1
 Passwall                 Tmut/Erth      42%        N/A       1%          2
 Mephitic Cloud           Conj/Pois/Air  39%        N/A       1%          3
 Vhi's Electric Charge    Tloc/Air       100%       N/A       1%          3
 Lesser Beckoning         Tloc           24%        N/A       2%          2
 Momentum Strike          Conj/Tloc      24%        3d8       2%          2
 Scorch                   Fire           24%        2d6       2%          2
 Alistair's Intoxication  Tmut/Pois      34%        N/A       2%          5
 Arcjolt                  Conj/Air       25%        1d35      2%          5
 Gell's Gravitas          Tloc           12%        N/A       6%          3
 Stone Arrow              Conj/Erth      24%        3d8       6%          3
 Teleport Other           Tloc           12%        N/A       6%          3
 Eringya's Noxious Bog    Tmut/Pois      25%        N/A       13%         6
 Flame Wave               Conj/Fire      12%        2d6       19%         4
 Manifold Assault         Tloc           12%        N/A       19%         4
 Borgnjor's Vile Clutch   Necr/Erth      6%         N/A       45%         5
 Maxwell's Capacitive Co  Air            37%        ∞         26%         8
 Haunt                    Necr/Summ      22%        N/A       77%         7
 Infestation              Necr           6%         N/A       100%        8
 Animate Dead             Necr           Unusable   N/A       N/A         4

Dungeon Overview and Level Annotations

Branches:
Dungeon (15/15)            Temple (1/1) D:6            Lair (5/5) D:11
  Swamp (0/4) Lair:3       Spider (4/4) Lair:3        Slime (0/5) Lair:5
    Orc (2/2) D:11            Elf (0/3) Orc:2        Vaults (0/5) D:14
 Depths (0/4) D:15

Altars:
Ashenzari
Dithmenos
Fedhas
Gozag
Hepliaklqana
Kikubaaqudgha
Makhleb
Nemelex Xobeh
Okawaru
Qazlal
Ru
Sif Muna
Uskayaw
Vehumet
Wu Jian
Xom
Yredelemnul
Jiyva

Shops:
Orc:2 ?[!(!   Lair:1 =:*==


Innate Abilities, Weirdness & Mutations

You are a lightning-filled tempest!
Your electrical attacks strike out in all directions at once.
You are incredibly evasive.
Your insubstantial body is immune to petrification, constriction, and being set on fire You are flying.
You are immune to poison.
Your armour is entirely melded.
You are incapable of wielding weapons or throwing items.
((You have a pair of large antennae on your head. (SInv)))
You have a moderately thin skeletal structure. (Dex +4, Stealth++)
A demonic guardian rushes to your aid.
Your magical and physical power is slightly enhanced at high health.
Spells you cast may paralyse nearby enemies.


Message History

* * * LOW HITPOINT WARNING * * *
Things that are here:
6 gold pieces; a scroll of identify A wolf spider comes into view.
The wolf spider moves out of view.
A wolf spider is nearby!
A wolf spider is nearby!
Unknown command.
Casting: Summon Cactus Giant (dangerous; 2% risk of failure)
Confirm with . or Enter, or press ? or * to list all spells.
Malevolent energies surge around you.
The wolf spider's many legs skitter.
You feel you are being watched by something.
You feel your power leaking away.
Unknown command.
You feel you are being watched by something.
You feel your power leaking away.
Your cactus giant barely misses the wolf spider.
The wolf spider is struck by your cactus giant's spines.
The wolf spider hits your cactus giant!
The wolf spider bites your cactus giant but does no damage.
You feel you are being watched by something.
The wolf spider is struck by your cactus giant's spines.
The wolf spider hits your cactus giant!!
The wolf spider bites your cactus giant.
The wolf spider is struck by your cactus giant's spines.
The wolf spider dies!
You feel you are being watched by something.
You feel your power leaking away. Something hits you!
* * * LOW HITPOINT WARNING * * *
A demonic guardian appears!
You feel clumsy. Something hits you!
* * * LOW HITPOINT WARNING * * *
Something closely misses you. Something hits you but does no damage.
Something closely misses you. Something barely misses you.
You start resting.
Something hits you!
You die...
Your body crumbles into a pile of gold.

. #^.# {
#..#.!≈≈. .~#
##..#.≈.≈. ..#
#...#.≈φ≈[##.~#
#~..#!≈≈≈!#..^
##..##.≈S..~.#
#.$.#[.C...~
#.C.#..!~$.#
#^v.#..!~$.#
#.~3##.#...#
#....#{#~^##
#....###$##
#...~...^#
##.......#
##...~.##
##.^.~# ######


You could see a friendly cactus giant (summoned) and a friendly sixfirhy
(summoned).

Vanquished Creatures
  Nikola (Spider:3)
  5 emperor scorpions (Spider:4)
  4 ghost moths
  2 broodmothers
  Nessos (D:14)
  2 entropy weavers (Spider:2)
  A hydra (Lair:5)
  5 centaur warriors
  2 boulder beetles (Spider:2)
  A tengu warrior (D:15)
  2 orc high priests (Orc:2)
  A skeletal warrior (D:13)
  A sun moth (Spider:1)
  4 pharaoh ants
  An orb spider (Spider:3)
  4 steelbarb worms
  3 ugly things
  3 orc knights
  A necromancer (D:15)
  A deep elf zephyrmancer (D:15)
  2 orc sorcerers
  A moth of wrath (Spider:4)
  7 wolf spiders
  A cyclops (D:14)
  Maurice (Orc:2)
  8 demonic crawlers
  A torpor snail (Spider:2)
  A cane toad (Lair:5)
  3 trolls
  2 meliai (Spider:3)
  12 tarantellas
  A blink frog (Lair:5)
  9 jumping spiders
  12 culicivoras
  A wraith (D:15)
  A yak (Lair:3)
  2 fire elementals (Orc:2)
  8 humans
  A basilisk (D:14)
  29 redbacks
  3 vampire mosquitoes (D:12)
  A water moccasin (Lair:4)
  7 orc warriors
  An ogre (Orc:1)
  A wolf (Lair:3)
  5 orc priests (Orc:2)
  11 orc wizards
  2 gnolls (Orc:1)
  9 orcs
  A bat (D:1)
  A goblin (D:1)
  A kobold (D:7)
  2 rats (D:1)
  A butterfly (D:5)
194 creatures vanquished.

Vanquished Creatures (collateral kills)
  Jorgrun (D:12)
  Rupert (D:14)
  Agnes (D:14)
  An emperor scorpion (Spider:4)
  Louise (Spider:3)
  Azrael (Orc:2)
  A dire elephant (Lair:5)
  The ghost of Lanwaonk the Severer, a journeyman MiBe of Trog (D:12)
  3 entropy weavers
  A jorogumo (Spider:2)
  Erolcha (Orc:1)
  A radroach (Spider:3)
  3 boulder beetles
  A centaur warrior (D:15)
  3 hydras
  A death knight (D:15)
  10 death yaks
  A tengu warrior (D:15)
  5 two-headed ogres
  An orc high priest (Orc:2)
  A spectral dire elephant (Lair:5)
  5 pharaoh ants
  4 skeletal warriors
  A sun moth (Spider:4)
  4 orb spiders
  Lodul (D:10)
  A spectral anaconda (Lair:5)
  An obsidian statue (Lair:5)
  A wizard (D:15)
  4 necromancers (Lair:5)
  5 steelbarb worms
  2 orc knights (Orc:2)
  11 ugly things
  8 wolf spiders
  3 cyclopes
  2 manticores
  4 orc sorcerers (Orc:2)
  4 moths of wrath
  8 elephants
  3 black mambas
  A naga mage (D:15)
  A demonic crawler (Spider:3)
  3 gargoyles
  2 torpor snails
  2 centaur skeletons (D:15)
  A rime drake (Lair:3)
  12 cane toads
  An unseen horror (D:13)
  A dire elephant skeleton (Lair:5)
  5 komodo dragons
  A komodo dragon (shapeshifter) (D:15)
  A freezing wraith (D:15)
  5 meliai
  A hornet (Lair:3)
  18 blink frogs
  17 tarantellas
  2 spectral elephants (Lair:5)
  10 dream sheep
  A shadow (D:12)
  10 culicivoras
  3 wyverns
  8 wraiths
  13 jumping spiders
  38 yaks
  2 basilisks
  Grum (D:7)
  8 humans (D:14)
  26 redbacks
  4 vampire mosquitoes
  A steam dragon (D:6)
  2 spectral cane toads (Lair:5)
  Menkaure (D:4)
  2 death yak simulacra (Lair:5)
  2 wargs
  An acid dragon (D:13)
  13 water moccasins
  A nameless horror (Lair:5)
  4 hell hounds (Orc:2)
  16 orc warriors
  2 ice beasts (D:7)
  A hornet zombie (D:15)
  3 black bears
  2 sky beasts (D:6)
  An elephant zombie (Lair:5)
  7 wolves
  10 ogres
  4 centaurs
  4 elephant skeletons (Lair:5)
  4 phantoms
  2 kobold brigands
  10 bullfrogs
  A necrophage (D:7)
  A gnoll sergeant (D:7)
  6 scorpions
  A cane toad simulacrum (Lair:5)
  5 wights
  A killer bee (D:5)
  5 electric eels
  5 howler monkeys
  9 orc priests
  6 jellies
  2 gnoll boudas
  11 hounds
  An iguana (D:5)
  Natasha (D:2)
  13 orc wizards
  4 hell rats (Lair:1)
  15 gnolls
  7 adders
  A shadow imp (D:6)
  3 white imps
  2 ufetubi
  2 dart slugs (D:2)
  42 orcs
  6 ball pythons
  3 bats
  7 endoplasms
  7 giant cockroaches
  7 goblins
  6 hobgoblins
  7 jackals
  17 kobolds
  4 quokkas
  A frilled lizard (D:3)
  3 rats
615 creatures vanquished.

Vanquished Creatures (others)
  The ghost of Egife the Blocker, a journeyman TrFi of Ashenzari (Lair:4)
  A dire elephant (Lair:5)
  Josephine (D:10)
  An ogre mage (D:15)
  3 two-headed ogres
  A boulder beetle (D:11)
  2 death yaks
  A spectral death yak (Lair:5)
  2 orb spiders
  3 wolf spiders
  An elephant (Lair:4)
  A black mamba (Lair:3)
  3 cane toads
  A torpor snail (Lair:3)
  2 komodo dragons
  2 meliai
  A polar bear (Lair:5)
  6 tarantellas
  2 trolls
  3 blink frogs (Lair:3)
  A dream sheep (Lair:3)
  2 jumping spiders
  2 culicivoras (Spider:1)
  A centaur simulacrum (D:15)
  10 yaks
  A steam dragon (D:9)
  5 redbacks
  A basilisk (Lair:3)
  A warg (D:11)
  2 acid dragons
  3 water moccasins
  3 orc warriors
  2 ogres (D:10)
  A wolf (Lair:1)
  Blork the orc (D:4)
  A kobold brigand (D:10)
  A bullfrog (D:8)
  4 scorpions (D:5)
  3 wights (D:8)
  3 killer bees (D:7)
  A hound (D:5)
  2 iguanas
  2 orc wizards
  2 orcs (D:6)
  A butterfly (D:5)
  17 fungi
  59 plants
  25 withered plants (Lair:5)
195 creatures vanquished.

Grand Total: 1004 creatures vanquished

Notes
Turn   | Place    | Note
-------+----------+-------------------------------------------
     0 | D:1      | cforsyth the Demonspawn Summoner began the quest for the
                  | Orb.
     0 | D:1      | Reached XP level 1. HP: 13/13 MP: 3/3
   327 | D:1      | Gained mutation: A weak demonic guardian rushes to your
                  | aid. [demonic ancestry]
   327 | D:1      | Reached XP level 2. HP: 8/19 MP: 0/5
  1467 | D:2      | Learned a level 2 spell: Call Imp
  1566 | D:2      | Gained mutation: You have a pair of small antennae on your
                  | head. [demonic ancestry]
  1566 | D:2      | Reached XP level 3. HP: 22/24 MP: 4/7
  1709 | D:2      | HP: 1/24 [kobold/+0 mace (4)]
  1896 | D:2      | Learned a level 3 spell: Call Canine Familiar
  2144 | D:2      | Noticed Natasha
  2152 | D:2      | Killed Natasha
  2153 | D:2      | Gained mutation: Spells you cast may paralyse adjacent
                  | enemies. [demonic ancestry]
  2153 | D:2      | Reached XP level 4. HP: 30/30 MP: 5/8
  2535 | D:2      | Learned a level 3 spell: Summon Guardian Golem
  2659 | D:3      | Reached skill level 5 in Summonings
  2737 | D:3      | Found a faded altar of an unknown god.
  2941 | D:3      | Reached skill level 1 in Hexes
  3134 | D:3      | Gained mutation: You have a pair of antennae on your head.
                  | [demonic ancestry]
  3134 | D:3      | Reached XP level 5. HP: 35/35 MP: 5/10
  3464 | D:3      | Found a burning altar of Makhleb.
  4143 | D:4      | Noticed a phantom
  4162 | D:4      | Killed a phantom
  4220 | D:4      | Noticed Blork the orc
  4255 | D:4      | Noticed a water moccasin
  4257 | D:5      | Entered Level 5 of the Dungeon
  4364 | D:5      | Reached XP level 6. HP: 41/41 MP: 9/12
  4365 | D:5      | Noticed a water moccasin
  4384 | D:5      | Killed a water moccasin
  4546 | D:4      | Killed Blork the orc
  4547 | D:4      | Reached XP level 7. HP: 46/46 MP: 7/14
  4715 | D:4      | Noticed Menkaure
  5104 | D:4      | Learned a level 4 spell: Summon Lightning Spire
  5149 | D:5      | Reached skill level 5 in Spellcasting
  5289 | D:5      | Found a blossoming altar of Fedhas.
  5343 | D:5      | Found a basalt altar of Yredelemnul.
  5397 | D:5      | Reached skill level 1 in Air Magic
  5651 | D:5      | Found a runed translucent door.
  5652 | D:5      | Found a runed translucent door.
  6144 | D:5      | Gained mutation: You have a somewhat thin skeletal
                  | structure. (Dex +2, Stealth+) [demonic ancestry]
  6144 | D:5      | Reached XP level 8. HP: 52/52 MP: 5/16
  6179 | D:5      | Reached skill level 5 in Hexes
  6533 | D:4      | Killed Menkaure
  7357 | D:6      | Reached XP level 9. HP: 54/57 MP: 1/18
  7624 | D:6      | Found a staircase to the Ecumenical Temple.
  7655 | Temple   | Entered the Ecumenical Temple
  7769 | Temple   | Became a worshipper of Gozag Ym Sagoz the Greedy
  8249 | D:6      | Noticed a troll
  8258 | D:6      | Killed a troll
  8927 | D:7      | Found an iron altar of Okawaru.
  9047 | D:6      | Reached skill level 5 in Air Magic
  9979 | D:7      | Gained mutation: You have a moderately thin skeletal
                  | structure. (Dex +4, Stealth++) [demonic ancestry]
  9979 | D:7      | Reached XP level 10. HP: 63/63 MP: 12/22
 10413 | D:7      | Found an ancient bone altar of Kikubaaqudgha.
 10421 | D:7      | Found a radiant altar of Vehumet.
 10422 | D:7      | Found a shimmering blue altar of Sif Muna.
 10902 | D:7      | Noticed Grum
 10905 | D:7      | Killed Grum
 11249 | D:8      | Reached skill level 10 in Summonings
 11425 | D:8      | Found a sacrificial altar of Ru.
 11675 | D:8      | Found an ornate altar of the Wu Jian Council.
 12017 | D:8      | Found a hazy altar of Hepliaklqana.
 12363 | D:8      | Reached skill level 1 in Fighting
 12551 | D:9      | Noticed a two-headed ogre
 12577 | D:8      | Reached skill level 1 in Transmutations
 12914 | D:9      | Killed a two-headed ogre
 13095 | D:9      | Gained mutation: A demonic guardian rushes to your aid.
                  | [demonic ancestry]
 13095 | D:9      | Reached XP level 11. HP: 75/75 MP: 7/24
 13292 | D:9      | Noticed a two-headed ogre
 13302 | D:9      | Killed a two-headed ogre
 13662 | D:9      | Noticed a two-headed ogre
 13678 | D:9      | Killed a two-headed ogre
 13924 | D:10     | Entered Level 10 of the Dungeon
 14114 | D:10     | Noticed Lodul
 14124 | D:9      | HP: 2/77 [ogre/+0 giant club[Lodul] (24)]
 14429 | D:10     | Noticed Josephine
 14435 | D:10     | Killed Josephine
 15056 | D:10     | Killed Lodul
 15057 | D:10     | Reached skill level 5 in Fighting
 15057 | D:10     | Reached skill level 5 in Dodging
 16088 | D:11     | Found a staircase to the Orcish Mines.
 16128 | D:11     | Noticed a two-headed ogre
 16141 | D:11     | Killed a two-headed ogre
 16142 | D:11     | Reached skill level 5 in Transmutations
 16214 | D:11     | Found a staircase to the Lair.
 16230 | D:11     | Learned a level 2 spell: Blink
 16239 | D:11     | Noticed a boulder beetle
 16249 | D:11     | Killed a boulder beetle
 16804 | D:11     | Gained mutation: Your magical and physical power is
                  | slightly enhanced at high health. [demonic ancestry]
 16804 | D:11     | Reached XP level 12. HP: 88/88 MP: 10/25
 17435 | D:12     | Noticed Lanwaonk's ghost (journeyman MiBe)
 17605 | D:12     | Found a runed translucent door.
 17789 | D:12     | Noticed Jorgrun
 17863 | Lair:1   | Entered Level 1 of the Lair of Beasts
 19493 | Lair:2   | Noticed an eight-headed hydra
 19510 | Lair:2   | Killed an eight-headed hydra
 20509 | Lair:3   | Reached XP level 13. HP: 98/98 MP: 10/26
 20597 | Lair:3   | Found a hole to the Spider Nest.
 20896 | Lair:3   | Reached skill level 10 in Air Magic
 21073 | Lair:3   | Found a staircase to the Swamp.
 22886 | Lair:1   | Bought a book of Scorching for 510 gold pieces
 22896 | Lair:1   | Learned a level 6 spell: Summon Cactus Giant
 22896 | Lair:1   | Reached skill level 10 in Transmutations
 22896 | Lair:1   | Reached XP level 14. HP: 104/104 MP: 27/27
 24358 | Lair:4   | Noticed Egife's ghost (journeyman TrFi)
 24390 | Lair:4   | Found a runed translucent gate.
 24391 | Lair:4   | Found a runed translucent gate.
 24392 | Lair:4   | Found a runed translucent gate.
 24800 | Lair:4   | Upgraded the game from 0.30-a0-715-gdb4ae3ece1 to
                  | 0.30-a0-718-geaa24f58ff
 25351 | Lair:4   | Killed Egife's ghost
 25465 | Lair:5   | Entered Level 5 of the Lair of Beasts
 25849 | Lair:5   | Learned a level 7 spell: Storm Form
 26376 | Lair:5   | Reached XP level 15. HP: 110/110 MP: 15/28
 27073 | Lair:5   | Found a viscous altar of Jiyva.
 27138 | Lair:5   | Found a staircase to the Slime Pits.
 28832 | D:12     | Identified the +11 scale mail of Ethics {Harm Slay+2}
 28945 | D:12     | Killed Jorgrun
 29298 | D:12     | Killed Lanwaonk's ghost
 30392 | D:14     | Noticed Rupert
 30392 | D:14     | Noticed Nessos
 30392 | D:14     | Found a gate to the Vaults.
 30746 | D:14     | Killed Rupert
 30915 | D:14     | Killed Nessos
 31318 | D:14     | Reached skill level 1 in Unarmed Combat
 31412 | D:14     | Found a shadowy altar of Dithmenos.
 31479 | D:14     | Noticed Agnes
 31492 | D:14     | Killed Agnes
 31901 | D:15     | Entered Level 15 of the Dungeon
 32222 | D:15     | Gained mutation: Spells you cast may paralyse nearby
                  | enemies. [demonic ancestry]
 32222 | D:15     | Reached XP level 16. HP: 117/117 MP: 21/29
 32261 | D:15     | Found a radiant altar of Vehumet.
 32718 | D:15     | Found a staircase to the Depths.
 32973 | Orc:1    | Entered Level 1 of the Orcish Mines
 33255 | Orc:2    | Entered Level 2 of the Orcish Mines
 33330 | Orc:2    | Found Wuggir's Distillery.
 33384 | Orc:2    | Killed Maurice
 33548 | Orc:2    | Found a staircase to the Elven Halls.
 33649 | Orc:2    | Found a shimmering blue altar of Sif Muna.
 34122 | Orc:2    | Got Sif Muna's Incunable of Ice
 34162 | Orc:2    | Noticed Azrael
 34179 | Orc:2    | Killed Azrael
 34340 | Orc:2    | Found Dous Becs's Weapon Shoppe.
 34340 | Orc:2    | Found Fizoir's Magic Scroll Shoppe.
 34368 | Orc:2    | Found Yseif's Distillery.
 34368 | Orc:2    | Found Plog's Antique Armour Shop.
 34832 | Orc:1    | Noticed Erolcha
 34845 | Orc:1    | Killed Erolcha
 34876 | Orc:1    | Found an iron altar of Okawaru.
 35182 | Spider:1 | Entered Level 1 of the Spider Nest
 35576 | Spider:1 | Reached skill level 5 in Unarmed Combat
 36262 | Spider:1 | Reached skill level 10 in Fighting
 36546 | Spider:1 | Found a hide-covered altar of Uskayaw.
 37070 | Spider:2 | Reached skill level 15 in Air Magic
 37553 | Spider:2 | Gained mutation: You have a pair of large antennae on your
                  | head. (SInv) [demonic ancestry]
 37553 | Spider:2 | Reached XP level 17. HP: 124/129 MP: 30/30
 39307 | Spider:3 | Noticed Nikola
 39319 | Spider:3 | Killed Nikola
 39534 | Spider:3 | Noticed Louise
 39549 | Spider:3 | Killed Louise
 39918 | Spider:4 | Entered Level 4 of the Spider Nest
 39931 | Spider:4 | Reached skill level 15 in Transmutations
 40783 | Spider:4 | Slain by a ghost moth

Illustrated notes

Levels and vault maps discovered:
D:1:      dpeg_arrival_rooms_c, layout_loops_corners,
          hangedman_abyss_or_decor_lesser_grid, serial_park_tiny_pond
D:2:      layout_loops_corners, uniq_natasha
D:3:      layout_loops_cross, mainiacjoe_overflow_six_doors_small,
          hellmonk_ecumenical_altar_blasted, grunt_ministairs_3
D:4:      layout_layer_cave, minmay_misc_feat_x, uniq_blork_the_orc,
          uniq_menkaure
D:5:      lemuel_insect_pit, layout_loops_cross, nicolae_overflow_crystal_walls,
          fedhas_altar_1, hangedman_abyss_or_decor_stagger,
          minmay_misc_feat_ornament, chequers_serial_rivers_micro_b
D:6:      layout_gridville, minmay_temple_entry_statues_fountains
D:7:      wander_river, layout_cave_pools, grunt_temple_overflow_magic_moments,
          mainiacjoe_overflow_paths, serial_gnoll_camp, gnoll_camp_mini_house,
          grums_kennel, gnoll_camp_mini_hut
D:8:      layout_basic, mainiacjoe_overflow_large_starburst,
          nicolae_ru_sacrificial_ziggurat
D:9:      layout_cave_pools, kennysheep_generic_room_4
D:10:     layout_irregular_city, elyvilon_altar_3, chequers_garden, uniq_grum,
          uniq_lodul, uniq_josephine
D:11:     layout_stronghold, david_lair_shrubbed, david_orc_3,
          serial_column_ruins, column_ruins_square_medium, column_ruins_grid_4,
          column_ruins_columns_plus, column_ruins_columns_corner,
          column_ruins_columns_straight, column_ruins_grid_1,
          column_ruins_columns_straight, column_ruins_open_medium
D:12:     layout_cave_pods, hellmonk_ghost_happy_afterlife, uniq_jorgrun
D:13:     layout_basic
D:14:     layout_basic, david_vaults_3, nicolae_dithmenos_the_darkroom,
          uniq_agnes
D:15:     grunt_enter_depths_magical_seal, layout_cave_pools,
          hangedman_glass_teeth, vehumet_crystals
Temple:   grunt_temple_mini_profane
Lair:1:   layout_small_grid, minivault_26, infiniplex_staircase_pool_2
Lair:2:   layout_regular_city, chequers_serial_rivers_small_a, st_stairs_3,
          infiniplex_staircase_pool
Lair:3:   layout_cave_pods, minmay_swamp_entry_reptiles,
          nicolae_spider_entry_lesser_pyramids, st_stairs_5, grunt_megastairs_4
Lair:4:   layout_big_grid, ebering_ghost_rock_garden,
          hangedman_lair_generics_rect, lemuel_fruit_tree
Lair:5:   due_jungle_book, layout_gridlike, nicolae_slime_entry_field_trip,
          basic_altar, serial_bayou_lagoon_a, serial_bayou_lagoon_b
Spider:1: layout_spider_delve, nicolae_spider_altar_of_dancing
Spider:2: layout_spider_delve
Spider:3: layout_spider_delve, uniq_louise, uniq_nikola
Spider:4: grunt_spider_rune_circles
Orc:1:    layout_caves, okawaru_metal_pillars_1_2, uniq_erolcha
Orc:2:    st_orc_elflike, layout_caves, serial_shops, shop_statue, basic_altar,
          led_sif_book, uniq_azrael, uniq_maurice

Skill      XL: |  1  2  3  4  5  6  7  8  9 10 11 12 13 14 15 16 17 |
---------------+----------------------------------------------------+-----
Spellcasting   | 3 4 5 6 8 9 |  9.1
Summonings     | 5 6 7 9 10 11 12 | 12.0
Hexes          | 1 2 3 4 5 |  5.0
Air Magic      | 1 3 5 7 9 11 12 14 15 | 15.0
Dodging        | 3 5 7 |  7.3
Fighting       | 3 6 7 8 10 12 | 12.6
Transmutations | 2 5 7 10 13 14 15 | 15.0
Unarmed Combat | 2 6 9 |  9.3
Stealth        | |  1.7

Action                     |  1- 3 |  4- 6 |  7- 9 | 10-12 | 13-15 | 16-18 || total
---------------------------+-------+-------+-------+-------+-------+-------++-------
  Melee: Unarmed           |    75 |     8 |    44 |   115 |   168 |   355 ||   765
         Punch             |     2 |       |     1 |     3 |     4 |    15 ||    25
   Cast: Summon Small Mamm |    49 |    18 |    14 |    15 |     4 |       ||   100
         Call Canine Famil |     3 |    25 |    42 |    58 |    58 |    60 ||   246
         Call Imp          |     3 |     9 |     7 |     8 |     2 |       ||    29
         Summon Guardian G |       |     2 |    37 |    83 |    66 |    62 ||   250
         Summon Lightning  |       |       |    19 |    57 |    58 |    69 ||   203
         Summon Cactus Gia |       |       |       |       |    65 |    89 ||   154
         Storm Form        |       |       |       |       |    25 |    61 ||    86
         Blink             |       |       |       |       |       |     4 ||     4
 Invoke: Call Merchant     |       |       |       |     1 |     3 |     1 ||     5
Ability: Blinkbolt         |       |       |       |       |     2 |     1 ||     3
    Use: Potion            |     1 |       |       |     1 |     2 |     1 ||     5
         Scroll            |       |     6 |     2 |    14 |     4 |       ||    26
   Stab: Distracted        |     1 |     1 |     2 |     1 |     5 |     5 ||    15
         Sleeping          |     1 |       |       |     2 |       |       ||     3
         Paralysed         |       |     3 |     5 |    13 |    19 |    41 ||    81
 Armour: Robe              |    27 |     9 |    20 |    26 |    23 |     1 ||   106
         Skin              |       |       |       |       |    28 |   118 ||   146
  Dodge: Dodged            |    73 |    20 |    66 |   117 |   215 |   463 ||   954
  Block: Other             |       |       |       |    13 |    27 |       ||    40
         Reflection        |       |       |       |     2 |       |       ||     2

Table legend: (Time is in decaauts)
 A = Elapsed time spent in this place.
 B = Non-inter-level travel time spent in this place.
 C = Inter-level travel time spent in this place.
 D = Time resting spent in this place.
 E = Time spent auto-exploring this place.
 F = Levels seen in this place.
 G = Mean time per level.
                   A        B        C        D        E       F      G
               +--------+--------+--------+--------+--------+-----+--------+
         Total |  40856 |  38890 |   1966 |   7149 |  23532 |  27 | 1513.2 |
       Dungeon |  22723 |  21521 |   1202 |   3848 |  13421 |  15 | 1514.9 |
        Temple |    151 |    114 |     37 |      0 |    104 |   1 |  151.0 |
          Lair |  10377 |   9887 |    490 |   2207 |   5808 |   5 | 2075.4 |
   Spider Nest |   5583 |   5491 |     92 |    993 |   2977 |   4 | 1395.8 |
  Orcish Mines |   2019 |   1875 |    144 |    101 |   1221 |   2 | 1009.5 |
               +--------+--------+--------+--------+--------+-----+--------+

Top non-repeatable levels by time:
  Lair:3: 3419 daAuts
  Lair:5: 2714 daAuts
Spider:2: 2307 daAuts
     D:6: 2039 daAuts
     D:7: 1949 daAuts
     D:4: 1757 daAuts
     D:8: 1727 daAuts
     D:5: 1700 daAuts
     D:9: 1669 daAuts
    D:11: 1645 daAuts
     D:2: 1605 daAuts
  Lair:1: 1532 daAuts
  Lair:4: 1491 daAuts
Spider:1: 1477 daAuts
    D:10: 1449 daAuts
